 Dungeon Crawl Stone Soup version 0.25-a0-366-g516bc45ae0 (webtiles) character file.

Game seed: 10527635676990021261, levelgen mode: deterministic

1134 D1HalberdGnoll the Chiller (level 8, 0/68 HPs)
             Began as a Purple Draconian Ice Elementalist on Jan 6, 2020.
             Was an Initiate of Vehumet.
             Slain by a wight
             ... wielding a +0 flail
              (8 damage)
             ... on level 5 of the Dungeon.
             The game lasted 00:08:30 (6666 turns).

D1HalberdGnoll the Chiller (DrIE)                   Turns: 6666, Time: 00:08:31

Health: 0/68       AC:  8    Str: 11    XL:     8   Next: 14%
Magic:  10/16      EV: 11    Int: 17    God:    Vehumet [......]
Gold:   210        SH:  0    Dex: 12    Spells: 13/18 levels left

rFire    . . .     SeeInvis .   o - +0 dagger (venom)
rCold    . . .     Gourm    .   (no shield)
rNeg     . . .     Faith    .   (armour unavailable)
rPois    .         Spirit   .   (helmet restricted)
rElec    .         Reflect  .   j - +0 cloak
rCorr    .         Harm     .   p - +0 pair of gloves
MR       +....                  (no boots)
Stlth    +.........             (no amulet)
HPRegen  0.21/turn              (no ring)
MPRegen  0.15/turn              (no ring)

@: short of breath, heavily drained
A: breathe power, unfitting armour, cold-blooded, AC +6
a: Breathe Dispelling Energy, Renounce Religion


You were on level 5 of the Dungeon.
You worshipped Vehumet.
Vehumet was noncommittal.
You were hungry.

You visited 1 branch of the dungeon, and saw 6 of its levels.

You collected 210 gold pieces.

Inventory:

Hand Weapons
 o - a +0 dagger of venom (weapon)
Missiles
 k - 13 poisoned darts (quivered)
Armour
 j - a +0 cloak (worn)
 p - a +0 pair of gloves (worn)
Jewellery
 f - a cursed ring of attention {unknown}
 n - an uncursed ring of ice {unknown}
 t - a cursed ring of teleportation {unknown}
Wands
 z - a wand of iceblast (13)
Scrolls
 d - a scroll of remove curse
 e - 2 scrolls of noise
 g - 4 scrolls of identify {unknown}
 i - 4 scrolls of teleportation
 r - a scroll of amnesia {unknown}
 w - a scroll of magic mapping {unknown}
 x - a scroll of blinking
 y - a scroll of immolation {unknown}
Potions
 a - a potion of ambrosia {unknown}
 c - 2 potions of degeneration {unknown}
 h - 5 potions of heal wounds
 m - 2 potions of flight {unknown}
 q - a potion of lignification {unknown}
 s - 2 potions of brilliance {unknown}
 u - a potion of magic {unknown}
 v - a potion of curing
Comestibles
 b - 8 rations
 l - a chunk of flesh


   Skills:
 + Level 5.0(2.6) Fighting
 - Level 1.7(0.0) Dodging
 - Level 1.7(0.0) Stealth
 + Level 5.6(3.3) Spellcasting
 + Level 0.7(0.0) Summonings
 * Level 7.9(5.4) Ice Magic


You had 13 spell levels left.
You knew the following spells:

 Your Spells              Type           Power        Failure   Level  Hunger
a - Freeze                Ice            ###.         1%          1    None
b - Summon Ice Beast      Ice/Summ       ##......     50%         4    ####...

Your spell library contained the following spells:

 Spells                   Type           Power        Failure   Level  Hunger
 Ozocubu's Armour         Chrm/Ice       ##......     17%         3    ###....
 Hailstorm                Conj/Ice       ##......     50%         4    ####...


Dungeon Overview and Level Annotations

Branches:
Dungeon (6/15)             Temple (0/1) D:5

Altars:
Ashenzari
Fedhas
Kikubaaqudgha
Okawaru
Qazlal
Ru
Vehumet
The Shining One

Annotations:
D:3 Grinder


Innate Abilities, Weirdness & Mutations

You can breathe bolts of dispelling energy.
Your rich purple scales are hard. (AC +6)
You cannot fit into any form of body armour.
You are cold-blooded and may be slowed by cold attacks.


Message History

The wight is almost destroyed.
The wight hits you with a +0 flail!
* * * LOW HITPOINT WARNING * * *
Press: ? - help, Shift-Dir - straight line, f/p - wight
Aim: a wight, wielding a +0 flail and wearing a cursed +0 robe (almost destroyed)
You breathe a bolt of dispelling energy.
The bolt of dispelling energy misses the wight.
The bolt of dispelling energy hits the leopard gecko!
You kill the leopard gecko!
Vehumet accepts your kill.
You feel somewhat more hungry.
You barely miss the wight.
Your tail-slap misses the wight.
The wight is almost destroyed.
The wight hits you with a +0 flail.
* * * LOW HITPOINT WARNING * * *
You feel drained.
You barely miss the wight.
Your tail-slap misses the wight.
The wight is almost destroyed.
The wight hits you with a +0 flail!
You die...

#### ...# ### .#.## #.# .#..#
#.## .##.# ##.######## .##.#
##..##...### # .##.#
##.....##..#####
.##.##############.....#####.....
...............z@......# ###...
...#.#.....#########...# #[..
..##..#..### ##..# #...
...##.....# ##..# ##..
..........## #####...# #...
.......##..#####.......# ##...
.....#.###.............# ##....
.....#.#####....##....## #.....
....##.#...#.........## #.....


You could see a wight.

Vanquished Creatures
  An orc warrior (D:3)
  An ogre (D:4)
  2 centaurs (D:5)
  Blork the orc (D:4)
  A big kobold (D:2)
  A scorpion (D:5)
  A wight (D:5)
  A howler monkey (D:5)
  2 bullfrog zombies (D:5)
  A hound (D:5)
  An orc priest (D:4)
  A bullfrog skeleton (D:5)
  2 orc wizards
  A gnoll shaman (D:5)
  2 worker ants
  Natasha (D:4)
  4 adders
  6 gnolls
  2 oozes
  2 worms
  4 dart slugs
  7 leopard geckos
  18 orcs
  2 giant cockroaches
  4 goblins
  6 hobgoblins
  12 jackals
  7 kobolds
  2 quokkas
  6 bats
  5 frilled lizards
  7 rats
114 creatures vanquished.

Notes
Turn   | Place    | Note
-------+----------+-------------------------------------------
     0 | D:1      | D1HalberdGnoll the Draconian Ice Elementalist began the
                  | quest for the Orb.
     0 | D:1      | Reached XP level 1. HP: 14/14 MP: 3/3
   162 | D:1      | Reached XP level 2. HP: 22/22 MP: 0/5
   194 | D:1      | Reached skill level 1 in Fighting
   497 | D:1      | Found a shattered altar of Ashenzari.
   505 | D:1      | Reached XP level 3. HP: 28/28 MP: 4/6
  1012 | D:2      | Found a sacrificial altar of Ru.
  1095 | D:2      | Noticed a big kobold
  1111 | D:2      | Killed a big kobold
  1111 | D:2      | Reached skill level 5 in Ice Magic
  1111 | D:2      | Reached XP level 4. HP: 23/36 MP: 0/8
  1906 | D:2      | Reached XP level 5. HP: 30/42 MP: 2/9
  2426 | D:3      | Noticed Grinder
  2495 | D:3      | Paralysed by Grinder for 4 turns
  2506 | D:3      | Paralysed by Grinder for 4 turns
  2513 | D:3      | Paralysed by Grinder for 2 turns
  2608 | D:3      | Learned a level 4 spell: Summon Ice Beast
  2614 | D:3      | Noticed an orc warrior
  2627 | D:3      | Killed an orc warrior
  2769 | D:3      | Found an ancient bone altar of Kikubaaqudgha.
  2775 | D:3      | Found a glowing golden altar of the Shining One.
  2780 | D:3      | Found a blossoming altar of Fedhas.
  2797 | D:3      | Reached XP level 6. HP: 49/51 MP: 6/10
  2873 | D:3      | Reached skill level 6 in Ice Magic
  3016 | D:3      | Found a stormy altar of Qazlal.
  3490 | D:4      | Found a radiant altar of Vehumet.
  3506 | D:4      | Became a worshipper of Vehumet
  3592 | D:4      | Found an iron altar of Okawaru.
  3635 | D:4      | Noticed Blork the orc
  3658 | D:4      | Killed Blork the orc
  3667 | D:4      | Your scales start taking on a rich purple colour.
  3667 | D:4      | Reached XP level 7. HP: 44/58 MP: 1/13
  4009 | D:4      | Noticed Natasha
  4018 | D:4      | Killed Natasha
  4384 | D:5      | Entered Level 5 of the Dungeon
  4575 | D:5      | Reached skill level 7 in Ice Magic
  4887 | D:5      | Reached skill level 5 in Spellcasting
  5590 | D:5      | Found a staircase to the Ecumenical Temple.
  5781 | D:5      | Reached XP level 8. HP: 67/67 MP: 16/16
  6552 | D:5      | Reached skill level 5 in Fighting
  6666 | D:5      | Slain by a wight

Levels and vault maps discovered:
D:1:      dpeg_arrival_connections, layout_basic, serial_bayou_pond_a,
          nicolae_ashenzari_panopticon
D:2:      layout_loops_ring, minmay_crystal_water, nicolae_ru_awakened_eye
D:3:      layout_basic, nicolae_overflow_hidden_temple,
          minmay_overflow_temple_star_quad, grunt_ministairs_6, uniq_grinder
D:4:      layout_loops_ring, lemuel_crystal_altar, vehumet_crystals,
          uniq_blork_the_orc, uniq_natasha
D:5:      layout_layer_cave, minmay_temple_entry_from_below_a, first_ration
D:6:      layout_rooms, nemelex_altar_shiori, overflow_temple_1_default,
          serial_shops, shop, minivault_26

Skill      XL: |  1  2  3  4  5  6  7  8 |
---------------+-------------------------+-----
Fighting       | 1 2 3 4 5 |  5.0
Ice Magic      | 5 6 7 |  7.9
Spellcasting   | 3 4 5 |  5.6
Dodging        | |  1.7
Stealth        | |  1.7
Summonings     | |  0.7

Action                   |  1- 3 |  4- 6 |  7- 9 || total
-------------------------+-------+-------+-------++-------
Melee: Dagger            |    16 |    59 |   132 ||   207
       Club              |     3 |       |       ||     3
       Tailslap          |     3 |     7 |    20 ||    30
Throw: Dart              |       |    12 |     1 ||    13
 Cast: Freeze            |    46 |    87 |    49 ||   182
 Abil: Breathe Dispellin |       |       |     4 ||     4
  Use: Scroll            |       |     4 |       ||     4
 Stab: Sleeping          |     1 |     3 |     4 ||     8
  Eat: Chunk             |     1 |     8 |     6 ||    15
       Ration            |       |       |     1 ||     1
Armor: Skin              |    21 |    32 |    53 ||   106
Dodge: Dodged            |    47 |    68 |   118 ||   233

Table legend:
 A = Non-vault XP
 B = Vault XP
 C = Vault XP percentage of total XP
 D = Non-vault monster count
 E = Vault monster count
 F = Vault count percentage of total count
                 A         B        C        D         E       F
            +---------+---------+-------+---------+---------+-------
      Total |    1487 |     133 |   8.2 |     110 |       4 |   3.5
            +---------+---------+-------+---------+---------+-------
        D:1 |      59 |       0 |   0.0 |      26 |       0 |   0.0
        D:2 |     150 |       0 |   0.0 |      17 |       0 |   0.0
        D:3 |     289 |       2 |   0.7 |      29 |       2 |   6.5
        D:4 |     259 |     131 |  33.6 |      13 |       2 |  13.3
        D:5 |     728 |       0 |   0.0 |      24 |       0 |   0.0
        D:6 |       2 |       0 |   0.0 |       1 |       0 |   0.0
            +---------+---------+-------+---------+---------+-------
